 Dungeon Crawl Stone Soup version 0.28-a0-8-g6e044cfa68 (webtiles) character file.

Game seed: 17755608229972945302

13299 Sobieck the Cleaver (level 11, -7/95 HPs)
             Began as a Palentonga Berserker on July 23, 2021.
             Was an Elder of Trog.
             Mangled by a boulder beetle (9 damage)
             ... on level 11 of the Dungeon.
             The game lasted 00:22:07 (13941 turns).

Sobieck the Cleaver (Palentonga Berserker)         Turns: 13941, Time: 00:22:07

Health: -7/95      AC: 22    Str: 25    XL:     11   Next: 73%
Magic:  11/11      EV:  6    Int: 13    God:    Trog [****..]
Gold:   631        SH:  0    Dex:  9    Spells: 10/10 levels left

rFire   + . .      SeeInvis +   a - +3 broad axe (holy) {axe}
rCold   + . .      Faith    .   (no shield)
rNeg    . . .      Spirit   .   S - +0 plate armour
rPois   .          Reflect  .   n - +2 helmet
rElec   .          Harm     .   M - +0 cloak of Noughts and Crosses {rF+ Will+}
rCorr   .          Rampage  .   (no gloves)
Will    +....                   (no barding)
Stlth   ..........              N - amulet of the acrobat
HPRegen 0.25/turn               B - +6 ring of intelligence
MPRegen 0.12/turn               C - ring of protection from cold

@: about to teleport, on berserk cooldown, slowed, studying Spellcasting, curled
up, very slow
A: large, rugged brown scales 3, see invisible, deformed body, roll 1, armoured
tail, reflexive curl
a: Rolling Charge, Renounce Religion, Berserk, Trog's Hand, Brothers in Arms


You were on level 11 of the Dungeon.
You worshipped Trog.
Trog was greatly pleased with you.
You visited 1 branch of the dungeon, and saw 11 of its levels.

You collected 801 gold pieces.
You spent 170 gold pieces at shops.


Innate Abilities, Weirdness & Mutations

You are completely covered in rugged brown scales. (AC +3, +7% HP)
You have supernaturally acute eyesight. (SInv)
Armour fits poorly on your strangely shaped body.
You can roll at nearby foes to attack.
You have a long armoured tail.
You curl defensively after being hit.


   Skills:
 + Level 9.6 Fighting
 + Level 12.9 Axes
 + Level 6.9 Armour
 - Level 5.0 Dodging
 + Level 3.6 Evocations


You had 10 spell levels left.
You didn't know any spells.
Your spell library contained the following spells:

 Spells                   Type           Power      Damage    Failure   Level
 Animate Skeleton         Necr           0%         N/A       98%         1
 Pain                     Necr           0%         1d4       98%         1
 Frozen Ramparts          Ice            0%         1d2       100%        3
 Vampiric Draining        Necr           0%         2d6       100%        3
 Ice Form                 Ice/Tmut       0%         N/A       100%        4
 Summon Ice Beast         Ice/Summ       0%         N/A       100%        4
 Summon Forest            Summ/Tloc      0%         N/A       100%        5
 Eringya's Noxious Bog    Tmut/Pois      0%         N/A       100%        6
 Summon Hydra             Summ           0%         N/A       100%        7
 Chain Lightning          Conj/Air       0%         N/A       100%        9
 Fire Storm               Conj/Fire      0%         5d1       100%        9

Inventory:

Hand Weapons
 a - a +3 broad axe of holy wrath (weapon) {axe}
   (You bought it in a shop on level 7 of the Dungeon)
 y - a +2 war axe of electrocution {axe}
   (You found it on level 5 of the Dungeon)
 A - the +4 whip "Ynaed" {freeze, Int+6, mace}
   (You found it on level 5 of the Dungeon)

   It freezes those it strikes, dealing additional cold damage.
   It can also slow down cold-blooded creatures.
   Int:       It affects your intelligence (+6).
 D - a +0 shortbow {bow}
   (You took it off a centaur on level 6 of the Dungeon)
Missiles
 c - 62 bolts
 d - 6 javelins {throwing}
 f - 4 atropa-tipped darts {throwing}
 i - 340 stones {throwing}
 j - 222 arrows
 m - 49 sling bullets
 p - 15 boomerangs {throwing}
 r - 12 poisoned darts {throwing}
 s - 6 silver javelins {throwing}
 F - 3 silver boomerangs {throwing}
 U - 2 throwing nets {=f!fthrowing}
Armour
 n - a +2 helmet (worn)
   (You found it on level 2 of the Dungeon)
 G - a +0 chain mail
   (You found it on level 6 of the Dungeon)
 H - a +0 cloak
   (You took it off Crazy Yiuf on level 7 of the Dungeon)
 M - the +0 cloak of Noughts and Crosses (worn) {rF+ Will+}
   (You found it on level 10 of the Dungeon)

   rF:        It protects you from fire.
   Will:      It increases your willpower.
 Q - a +2 ring mail of positive energy
   (You found it on level 11 of the Dungeon)
 S - a +0 plate armour (worn)
   (You found it on level 11 of the Dungeon)
 T - a +0 chain mail of fire resistance
   (You found it on level 11 of the Dungeon)
Jewellery
 e - the ring "Odwuh" {Fly rPois}
   (You took it off an orc warrior on level 9 of the Dungeon)

   [ring of flight]

   rPois:     It protects you from poison.
   Fly:       It grants you flight.
 B - a +6 ring of intelligence (left hand)
   (You found it on level 5 of the Dungeon)
 C - a ring of protection from cold (right hand)
   (You found it on level 6 of the Dungeon)
 N - an amulet of the acrobat (around neck)
   (You found it on level 8 of the Dungeon)
Wands
 J - a wand of charming (10)
   (You took it off an orc on level 8 of the Dungeon)
 V - a wand of paralysis (6)
   (You found it on level 11 of the Dungeon)
Scrolls
 k - 2 scrolls of teleportation {@r4}
 l - a scroll of magic mapping {!r}
 o - 2 scrolls of fog
 q - 2 scrolls of noise {!r}
 w - 2 scrolls of vulnerability {!r!r}
 z - a scroll of blinking {!r}
 E - a scroll of immolation {!r!r}
 K - a scroll of enchant armour {unknown}
 R - 2 scrolls of identify {@r1}
Potions
 b - 2 potions of might
 g - 2 potions of flight
 h - 2 potions of resistance
 t - 8 potions of degeneration {!q@e2}
 u - 3 potions of curing {@q1}
 v - 3 potions of brilliance
 x - 3 potions of lignification {!q}
 I - a potion of cancellation {unknown}
 L - a potion of invisibility
 P - a potion of berserk rage {unknown}
Miscellaneous
 O - a lightning rod (4/4)
   (You found it on level 10 of the Dungeon)

Dungeon Overview and Level Annotations

Branches:
Dungeon (11/15)            Temple (0/1) D:7            Lair (0/6) D:11
    Orc (0/2) D:9

Altars:
Dithmenos
Elyvilon
Hepliaklqana
Kikubaaqudgha
Okawaru
Qazlal
Sif Muna

Shops:
D:7

* ..........
..........$......≈≈≈≈.≈.
...#######.......≈≈≈≈≈.. ...#
#.......≈≈≈≈..> ...##
#......≈≈.≈≈≈.. ....#
#........≈≈≈h.≈
#...######......;≈≈≈≈≈≈.
#.................≈≈≈≈≈≈
########..####†.@.h..≈≈≈
..)....#..#....†B....≈..
..))...'..#.............
.......#..#...#..#......
.......#..#...#..#......
.......+..#...#..#......
.......#..#...#..# ..... #..
.>...###..#...#..# ..... #..
.....#....#...#..##############..


You could see a boulder beetle, a wolf, a hound and an electric eel.


Message History

The boulder beetle bites you but does no damage.
You slash the boulder beetle! You tail-slap the boulder beetle.
You slash the wolf! The wolf barely misses you.
A boulder beetle comes into view.
The wolf completely misses you. The wolf closely misses you.
The boulder beetle bites you.
A hound comes into view. 😕 HP[-2]
You take 2 damage, and now have 114/142 hp.
You closely miss the wolf.
The hound barks!
Your tail-slap misses the wolf.
You slash the hound! You miss the wolf.
You hit the boulder beetle but do no damage.
The wolf bites you. x2; The hound bites you.
The boulder beetle curls into a ball and begins rolling!
The wolf bites you. 😮 HP[-14]
You take 14 damage, and now have 100/142 hp.
Unknown command.
Your plate armour prevents you from hitting the wolf.
You barely miss the hound. You hit the wolf.
You hit the boulder beetle but do no damage.
The wolf bites you but does no damage.
The boulder beetle bites you but does no damage.
The hound bites you but does no damage.
The wolf pauses to sniff the ground.
The wolf bites you but does no damage.
You slash the boulder beetle!
You kill the boulder beetle!
Trog accepts your kill.
You slice the wolf!!
You kill the wolf!
Trog accepts your kill.
You slice the hound!!
You kill the hound!
Trog accepts your kill.
You slash the wolf! The wolf bites you. 😮 HP[-5]
You take 5 damage, and now have 95/142 hp.
Unknown command.
You miss the wolf.
Your tail-slap misses the wolf.
The wolf bites you but does no damage.
You miss the wolf.
The electric eel shoots out a bolt of lightning at you!
The bolt of electricity hits you.
The wolf bites you but does no damage. 😮 HP[-4]
You take 4 damage, and now have 91/142 hp.
You are too berserk!
You hit the wolf. The wolf closely misses you.
You slash the wolf!
You kill the wolf!
Trog accepts your kill.
You hit the boulder beetle but do no damage.
The boulder beetle hits you!!!
* * * LOW HITPOINT WARNING * * *
The boulder beetle stops rolling and uncurls. 😨 HP[-55]
You take 55 damage, and now have 36/142 hp.
MASSIVE DAMAGE!! (PAUSE)
You slice the boulder beetle!! You slash the boulder beetle!
The boulder beetle bites you.
* * * LOW HITPOINT WARNING * * *
The electric eel shoots out a bolt of lightning at you!
The bolt of electricity hits you!
* * * LOW HITPOINT WARNING * * *
😱 HP[-10]
You take 10 damage, and now have 26/142 hp.
Unknown command.
The hound closely misses you.
A wolf comes into view.
The boulder beetle closely misses you.
Found a staircase to the Lair.
You see here a wolf corpse. 😱 HP[+1] Unknown command.
The wolf howls!
You slash the hound!
You kill the hound!
Trog accepts your kill.
You hit the boulder beetle but do no damage.
Unknown command.
You slash the boulder beetle! The boulder beetle bites you!
* * * LOW HITPOINT WARNING * * *
😱 HP[-8]
You take 8 damage, and now have 19/142 hp.
You slice the boulder beetle!!
The boulder beetle bites you but does no damage.
Unknown command.
You slash the boulder beetle!
You are no longer berserk.
You are exhausted.
You feel yourself slow down. 😱 HP[-6]
You now have 95 max hp (-47).
As you read the scroll of teleportation {@r4}, it crumbles to dust.
You feel strangely unstable. The boulder beetle bites you!
* * * LOW HITPOINT WARNING * * *
The boulder beetle bites you!
You die...

Skill      XL: |  1  2  3  4  5  6  7  8  9 10 11 |
---------------+----------------------------------+-----
Axes           | 4 6 7 8 10 11 12 | 12.9
Armour         | 2 3 4 5 6 |  6.9
Fighting       | 5 6 7 8 9 |  9.6
Dodging        | 3 5 |  5.0
Evocations     | 3 |  3.6

Action                   |  1- 3 |  4- 6 |  7- 9 | 10-12 || total
-------------------------+-------+-------+-------+-------++-------
Melee: Hand axe          |   123 |    89 |       |       ||   212
       Tailslap          |     9 |    11 |    19 |    40 ||    79
       War axe           |       |     9 |    90 |       ||    99
       Broad axe         |       |       |    67 |   258 ||   325
Invok: Berserk           |     4 |     2 |    10 |    12 ||    28
       Trog's Hand       |       |       |       |     1 ||     1
 Abil: Rolling Charge    |    13 |    19 |    20 |    29 ||    81
  Use: Scroll            |     3 |     5 |     6 |     8 ||    22
Armor: Animal skin       |     5 |       |       |       ||     5
       Ring mail         |    36 |    32 |    21 |       ||    89
       Chain mail        |       |       |    44 |   116 ||   160
       Skin              |       |       |       |     3 ||     3
       Plate armour      |       |       |       |    17 ||    17
Dodge: Dodged            |    48 |    28 |    53 |    96 ||   225

Levels and vault maps discovered:
D:1:      grunt_arrival_lava_bath, layout_basic, ebering_ecumenical_altar_ruins
D:2:      layout_loops_ring, cheibrodos_gnoll_hut
D:3:      layout_basic
D:4:      layout_basic, grunt_dithmenos_smoke_and_mirrors,
          kennysheep_generic_room_8
D:5:      layout_loops_ring
D:6:      layout_loops_corners, minmay_manual_mail
D:7:      layout_loops_corners, nicolae_sif_muna_little_library,
          elyvilon_altar_5, minmay_temple_entry_purple_smoke, nicolae_good_shop,
          uniq_duvessa, uniq_harold, uniq_crazy_yiuf_cottage
D:8:      layout_basic, lemuel_coloured_pillars_altar,
          nicolae_hepliaklqana_hazy_memory, okawaru_ov_weapons_minmay,
          feat_on_display, uniq_maggie, uniq_prince_ribbit1
D:9:      layout_roguey, erik_orc_1, uniq_psyche
D:10:     layout_basic, nicolae_qazlal_style_of_elements, uniq_nergalle
D:11:     layout_irregular_city, erik_lair_island, portal_ice_cave_rime

Notes
Turn   | Place    | Note
-------+----------+-------------------------------------------
     0 | D:1      | Sobieck the Palentonga Berserker began the quest for the
                  | Orb.
     0 | D:1      | Reached XP level 1. HP: 19/19 MP: 1/1
     0 | D:1      | magus.rc [v1.9.6]
   425 | D:1      | Reached XP level 2. HP: 25/25 MP: 2/2
   661 | D:1      | Found a faded altar of an unknown god.
   956 | D:2      | HP: 9/37 [adder (3)]
   960 | D:2      | Reached skill level 4 in Axes
   961 | D:2      | HP: 4/37 [poisoned by an adder]
   963 | D:2      | Reached XP level 3. HP: 5/31 MP: 3/3
  1858 | D:2      | Reached ** piety under Trog
  1968 | D:2      | Reached XP level 4. HP: 37/37 MP: 4/4
  2498 | D:2      | Reached skill level 5 in Axes
  2729 | D:3      | You pick up a book of Rime {forbidden} and begin reading...
  2729 | D:3      | You add the spells Frozen Ramparts, Ice Form and Summon Ice
                  | Beast to your library.
  3149 | D:4      | Noticed a phantom
  3168 | D:4      | Killed a phantom
  3169 | D:4      | Reached skill level 6 in Axes
  3169 | D:4      | Reached XP level 5. HP: 43/43 MP: 5/5
  3362 | D:4      | Found a shadowy altar of Dithmenos.
  3383 | D:4      | Noticed a necrophage
  3397 | D:4      | Noticed an ogre
  3402 | D:4      | Killed a necrophage
  3403 | D:4      | Reached XP level 6. HP: 50/50 MP: 6/6
  3410 | D:4      | Reached skill level 7 in Axes
  3589 | D:4      | Reached skill level 2 in Armour
  4122 | D:5      | Entered Level 5 of the Dungeon
  4262 | D:5      | Identified the +4 whip "Ynaed" {freeze, Int+6}
  4459 | D:5      | Gained mutation: You curl defensively after being hit.
                  | [Palentonga growth]
  4459 | D:5      | Reached XP level 7. HP: 53/56 MP: 7/7
  4817 | D:6      | You pick up a book of Necromancy {forbidden} and begin
                  | reading...
  4817 | D:6      | You add the spells Pain, Animate Skeleton and Vampiric
                  | Draining to your library.
  4868 | D:6      | Reached skill level 4 in Fighting
  5193 | D:6      | Reached skill level 3 in Armour
  5214 | D:6      | Reached skill level 8 in Axes
  5361 | D:6      | Noticed an unseen horror
  5366 | D:6      | Killed an unseen horror
  5367 | D:6      | Reached skill level 5 in Fighting
  5367 | D:6      | Reached XP level 8. HP: 68/68 MP: 8/8
  5632 | D:6      | Reached skill level 6 in Fighting
  5646 | D:6      | Reached skill level 9 in Axes
  5654 | D:6      | Reached *** piety under Trog
  6473 | D:7      | Reached skill level 10 in Axes
  6601 | D:7      | You pick up a book of Annihilations {forbidden} and begin
                  | reading...
  6601 | D:7      | You add the spells Chain Lightning and Fire Storm to your
                  | library.
  6652 | D:7      | Noticed Dowan
  6652 | D:7      | Noticed Duvessa
  6655 | D:7      | Killed Dowan
  6657 | D:7      | Killed Duvessa
  6658 | D:7      | Reached XP level 9. HP: 73/73 MP: 9/9
  6784 | D:7      | You add the spells Summon Forest, Eringya's Noxious Bog and
                  | Summon Hydra to your library.
  6836 | D:7      | Noticed an angel
  6838 | D:7      | Found Ustremoi's Hallowed Reliquary.
  6842 | D:7      | Noticed Harold
  6855 | D:7      | Killed Harold
  6856 | D:7      | Reached skill level 11 in Axes
  6856 | D:7      | Reached skill level 2 in Dodging
  6985 | D:7      | Bought a +1 broad axe of holy wrath for 170 gold pieces
  7004 | D:7      | Found a staircase to the Ecumenical Temple.
  7436 | D:7      | Found a white marble altar of Elyvilon.
  7727 | D:7      | Found a shimmering blue altar of Sif Muna.
  7793 | D:7      | Found a runed translucent door.
  7794 | D:7      | Noticed Crazy Yiuf
  7801 | D:7      | Killed Crazy Yiuf
  8246 | D:8      | Reached skill level 3 in Dodging
  8415 | D:8      | Reached skill level 4 in Armour
  8420 | D:8      | Reached **** piety under Trog
  8523 | D:8      | Found a hazy altar of Hepliaklqana.
  8536 | D:8      | Noticed Maggie
  8544 | D:8      | Killed Maggie
  8545 | D:8      | Reached skill level 7 in Fighting
  8698 | D:8      | Noticed a green ugly thing
  8704 | D:8      | Killed a green ugly thing
  8705 | D:8      | Reached XP level 10. HP: 53/84 MP: 10/10
  9457 | D:8      | Noticed a centaur warrior
  9464 | D:8      | Noticed Prince Ribbit
  9466 | D:8      | Killed a centaur warrior
  9467 | D:8      | Reached skill level 4 in Dodging
  9483 | D:8      | Killed Prince Ribbit
  9484 | D:8      | Reached skill level 5 in Armour
  9663 | D:8      | Found an iron altar of Okawaru.
  9847 | D:8      | Found an ancient bone altar of Kikubaaqudgha.
 10378 | D:9      | Reached skill level 8 in Fighting
 10378 | D:9      | Reached skill level 12 in Axes
 10802 | D:9      | Noticed Psyche
 11242 | D:9      | Killed Psyche
 11259 | D:9      | Reached skill level 5 in Dodging
 11294 | D:9      | Identified the ring "Odwuh" {Fly rPois}
 11405 | D:9      | Found a staircase to the Orcish Mines.
 11476 | D:10     | Entered Level 10 of the Dungeon
 11477 | D:10     | Found a stormy altar of Qazlal.
 11545 | D:10     | Reached ***** piety under Trog
 11553 | D:10     | Reached XP level 11. HP: 92/93 MP: 11/11
 11693 | D:10     | Identified the +0 cloak of Noughts and Crosses {rF+ Will+}
 11809 | D:10     | Reached skill level 6 in Armour
 11981 | D:10     | Reached skill level 1 in Evocations
 12424 | D:10     | Noticed Nergalle
 12425 | D:10     | Noticed a two-headed ogre
 12446 | D:10     | Killed a two-headed ogre
 12456 | D:10     | Killed Nergalle
 12457 | D:10     | Reached skill level 9 in Fighting
 12457 | D:10     | Reached skill level 2 in Evocations
 12836 | D:11     | Noticed a two-headed ogre
 12846 | D:11     | Killed a two-headed ogre
 13618 | D:11     | Reached skill level 3 in Evocations
 13917 | D:11     | Noticed a boulder beetle
 13926 | D:11     | Noticed a boulder beetle
 13929 | D:11     | Killed a boulder beetle
 13935 | D:11     | HP: 34/142 [boulder beetle (2)]
 13936 | D:11     | Found a staircase to the Lair.
 13941 | D:11     | HP: 2/95 [boulder beetle (11)]
 13941 | D:11     | Mangled by a boulder beetle

Vanquished Creatures
  A boulder beetle (D:11)
  Harold (D:7)
  A centaur warrior (D:8)
  2 two-headed ogres
  Nergalle (D:10)
  An ugly thing (D:8)
  A centaur zombie (D:10)
  Psyche (D:9)
  An unseen horror (D:6)
  2 rime drakes (D:11)
  Maggie (D:8)
  2 trolls (D:11)
  Prince Ribbit (D:8)
  2 shadows (D:11)
  2 wyverns
  13 yaks
  3 steam dragons
  A water moccasin (D:8)
  A swamp drake (D:9)
  An ice beast (D:7)
  Duvessa (D:7)
  4 orc warriors
  2 ogres
  A black bear (D:8)
  A necrophage (D:4)
  2 wolves (D:11)
  5 centaurs
  2 phantoms
  2 bullfrogs
  A gnoll sergeant (D:9)
  2 scorpions
  A wyvern zombie (D:7)
  A wyvern skeleton (D:6)
  Dowan (D:7)
  6 killer bees
  6 wights
  5 howler monkeys
  A bullfrog zombie (D:6)
  Crazy Yiuf (D:7)
  5 hounds
  2 gnoll shamans
  An orc priest (D:9)
  A jelly (D:6)
  5 iguanas
  6 orc wizards
  2 killer bee zombies
  16 gnolls
  A howler monkey skeleton (D:7)
  5 adders
  A shadow imp (D:8)
  3 white imps
  4 worms
  3 dart slugs
  21 orcs
  3 bats
  2 endoplasms
  5 giant cockroaches
  7 goblins
  4 hobgoblins
  5 jackals (D:2)
  3 quokkas
  3 ball pythons
  6 frilled lizards
  2 kobolds (D:2)
  2 rats
202 creatures vanquished.

Vanquished Creatures (others)
  An orc (D:9)
  19 plants (D:8)
20 creatures vanquished.

Grand Total: 222 creatures vanquished

Table legend:
 A = Non-vault XP
 B = Vault XP
 C = Vault XP percentage of total XP
 D = Non-vault monster count
 E = Vault monster count
 F = Vault count percentage of total count
                 A         B        C        D         E       F
            +---------+---------+-------+---------+---------+-------
      Total |   13580 |    5419 |  28.5 |     163 |      39 |  19.3
            +---------+---------+-------+---------+---------+-------
        D:1 |      22 |       0 |   0.0 |      12 |       0 |   0.0
        D:2 |      62 |      18 |  22.5 |      21 |       3 |  12.5
        D:3 |      52 |       0 |   0.0 |      12 |       0 |   0.0
        D:4 |     502 |       0 |   0.0 |      13 |       0 |   0.0
        D:5 |      89 |       0 |   0.0 |       3 |       0 |   0.0
        D:6 |     660 |     669 |  50.3 |      14 |       6 |  30.0
        D:7 |    1163 |    1236 |  51.5 |      21 |       4 |  16.0
        D:8 |    2785 |     650 |  18.9 |      27 |       2 |   6.9
        D:9 |    1529 |     976 |  39.0 |      14 |      17 |  54.8
       D:10 |    3163 |     800 |  20.2 |      11 |       1 |   8.3
       D:11 |    3553 |    1070 |  23.1 |      15 |       6 |  28.6
            +---------+---------+-------+---------+---------+-------

Illustrated notes

Table legend:
 A = Kills in this place as a percentage of kills in entire the game.
 B = Kills by you in this place as a percentage of kills by you in the entire game.
 C = Kills by friends in this place as a percentage of kills by friends in the entire game.
 D = Other kills in this place as a percentage of other kills in the entire game.
 E = Experience gained in this place as a percentage of experience gained in the entire game.
 F = Experience gained in this place divided by the number of levels of this place that you have seen.
                   A       B       C       D       E      F
               +-------+-------+-------+-------+-------+----------------------
         Total | 100.0 | 100.0 |   N/A |   N/A | 100.0 | 1727.2
       Dungeon | 100.0 | 100.0 |   N/A |   N/A | 100.0 | 1727.2
               +-------+-------+-------+-------+-------+----------------------

Table legend: (Time is in decaauts)
 A = Elapsed time spent in this place.
 B = Non-inter-level travel time spent in this place.
 C = Inter-level travel time spent in this place.
 D = Time resting spent in this place.
 E = Time spent auto-exploring this place.
 F = Levels seen in this place.
 G = Mean time per level.
                   A        B        C        D        E       F      G
               +--------+--------+--------+--------+--------+-----+--------+
         Total |  14235 |  13768 |    467 |   5081 |   7222 |  11 | 1294.1 |
       Dungeon |  14235 |  13768 |    467 |   5081 |   7222 |  11 | 1294.1 |
               +--------+--------+--------+--------+--------+-----+--------+

Top non-repeatable levels by time:
     D:7: 2106 daAuts
     D:8: 2037 daAuts
     D:9: 1490 daAuts
    D:10: 1379 daAuts
     D:2: 1364 daAuts
     D:1: 1237 daAuts
     D:6: 1233 daAuts
    D:11: 1107 daAuts
     D:4: 1011 daAuts
     D:5: 691 daAuts
     D:3: 576 daAuts
